 Dungeon Crawl Stone Soup version 0.27-a0-1555-g0e7b3fb1d2 (webtiles) character file.

Game seed: 17582768917139160557

1824 Sin92 the Skirmisher (level 8, -2/64 HPs)
             Began as a Demonspawn Fighter on July 14, 2021.
             Was a Believer of Okawaru.
             Splashed by a jelly's acid (4 damage)
             ... on level 6 of the Dungeon.
             The game lasted 00:07:26 (6791 turns).

Sin92 the Skirmisher (Demonspawn Fighter)           Turns: 6791, Time: 00:07:27

Health: -2/64      AC: 18    Str: 17    XL:     8   Next: 86%
Magic:  11/11      EV: 11    Int:  9    God:    Okawaru [**....]
Gold:   241        SH: 10    Dex: 15    Spells: 7/7 levels left

rFire    . . .     SeeInvis .   a - +1 long sword
rCold    . . .     Faith    .   c - +0 kite shield
rNeg     + . .     Spirit   .   q - +1 chain mail
rPois    .         Reflect  .   u - +2 hat
rElec    .         Harm     .   h - +0 cloak
rCorr    .         Rampage  .   m - +0 pair of gloves
Will     .....                  n - +1 pair of boots
Stlth    ..........             (no amulet)
HPRegen  0.20/turn              g - ring of positive energy
MPRegen  0.12/turn              (no ring)

@: agile
A: hooves 1, powered by pain 1, sharp scales 1, demonic magic 1
a: Renounce Religion, Heroism


You were on level 6 of the Dungeon.
You worshipped Okawaru.
Okawaru was pleased with you.
You visited 2 branches of the dungeon, and saw 7 of its levels.

You collected 241 gold pieces.

Inventory:

Hand Weapons
 a - a +1 long sword (weapon)
Missiles
 j - 6 atropa-tipped darts (quivered)
Armour
 b - a +0 scale mail
 c - a +0 kite shield (worn)
 h - a +0 cloak (worn)
 i - a +0 helmet
 m - a +0 pair of gloves (worn)
 n - a +1 pair of boots (worn)
 q - a +1 chain mail (worn)
 u - a +2 hat (worn)
Jewellery
 g - a ring of positive energy (left hand)
 t - a ring of wizardry
 v - a +4 ring of evasion
Wands
 k - a wand of flame (20)
 o - a wand of charming (14)
Scrolls
 r - 3 scrolls of identify
 s - a scroll of amnesia
Potions
 d - a potion of might
 e - a potion of haste
 f - 2 potions of attraction
 l - a potion of mutation
 p - a potion of lignification


   Skills:
 + Level 5.7 Fighting
 + Level 4.8 Long Blades
 + Level 5.1 Armour
 + Level 4.1 Dodging
 + Level 5.2 Shields
 + Level 4.4 Invocations


You had 7 spell levels left.
You didn't know any spells.
Your spell library was empty.

Dungeon Overview and Level Annotations

Branches:
Dungeon (6/15)             Temple (1/1) D:4

Altars:
Ashenzari
Dithmenos
Elyvilon
Gozag
Hepliaklqana
Kikubaaqudgha
Makhleb
Nemelex Xobeh
Okawaru
Qazlal
Ru
Sif Muna
Trog
Uskayaw
Xom
Yredelemnul
Zin

Shops:
D:1 *

Annotations:
D:3 2 transporters
D:5 2 runed translucent doors, DocClef's ghost, weakling GnDe


Innate Abilities, Weirdness & Mutations

You have large cloven feet.
You sometimes gain a little power by taking damage.
You are partially covered in razor-sharp scales. (AC +1, Slay +1)
Spells you cast may paralyse adjacent enemies.


Message History

You barely miss the ice beast.
The ice beast is moderately wounded.
The howler monkey hoots and howls with incredible vigour!
The ice beast hits you but does no damage.
An ufetubus comes into view.
You slash the ice beast!
The ice beast is severely wounded.
You block the howler monkey's attack. The jelly hits you but does no damage.
You block the ice beast's attack. You block the howler monkey's attack.
The jelly hits you.
You are splashed with acid!
* * * LOW HITPOINT WARNING * * *
The ice beast hits you but does no damage.
You closely miss the ice beast.
The ice beast is severely wounded.
The howler monkey hits you but does no damage.
The jelly hits you.
* * * LOW HITPOINT WARNING * * *
You are splashed with acid!
* * * LOW HITPOINT WARNING * * *
You focus on the pain.
You feel agile all of a sudden. You block the ice beast's attack.
The howler monkey hits you but does no damage.
Okay, then.
Okay, then.
You hit the ice beast but do no damage.
The ice beast is severely wounded.
You block the jelly's attack. The ice beast misses you.
The howler monkey hits you but does no damage.
The jelly hits you but does no damage.
You slash the ice beast!
You kill the ice beast!
Okawaru accepts your kill. You block the howler monkey's attack.
The howler monkey hits you but does no damage.
The jelly jiggles.
You block the jelly's attack.
Okay, then.
You hit the jelly.
Your hands burn!
You die...

....#. .....#
....#.###.....#
..../.........#
...............##
..................
............... ..
......!.....###...
...>.....@h.......
#...#...##J.......
#......§..5.####+#
............#
............#
....###.<§..# ...
#.....#
................
##..............


You could see a howler monkey, a jelly and an ufetubus.

Vanquished Creatures
  Grinder (D:4)
  A steam dragon (D:6)
  A water moccasin (D:5)
  2 ice beasts (D:6)
  A black bear (D:4)
  An ogre (D:4)
  A necrophage (D:4)
  A centaur (D:5)
  A phantom (D:4)
  A scorpion (D:5)
  A water moccasin zombie (D:4)
  2 water moccasin skeletons
  A howler monkey (D:5)
  3 hounds (D:5)
  3 jellies
  2 bullfrog skeletons (D:6)
  An iguana (D:4)
  2 orc wizards (D:4)
  A killer bee zombie (D:6)
  7 hound zombies
  7 adders
  2 adder skeletons (D:4)
  An adder zombie (D:4)
  A worm (D:2)
  6 dart slugs
  7 orcs
  4 ball pythons
  3 bats
  5 endoplasms
  3 giant cockroaches
  2 goblins
  6 hobgoblins
  A jackal (D:2)
  3 quokkas
  2 frilled lizards
  5 kobolds
  A quokka skeleton (D:4)
  A quokka zombie (D:4)
  3 rats
97 creatures vanquished.

Vanquished Creatures (others)
  3 withered plants (D:4)
3 creatures vanquished.

Grand Total: 100 creatures vanquished

Notes
Turn   | Place    | Note
-------+----------+-------------------------------------------
     0 | D:1      | Sin92 the Demonspawn Fighter began the quest for the Orb.
     0 | D:1      | Reached XP level 1. HP: 18/18 MP: 1/1
   440 | D:1      | Gained mutation: You have large cloven feet. [demonic
                  | ancestry]
   440 | D:1      | Reached XP level 2. HP: 24/24 MP: 2/2
   461 | D:1      | Found Otugei's General Store.
   591 | D:1      | Found a faded altar of an unknown god.
  1543 | D:2      | HP: 1/24 [worm (3)]
  1896 | D:2      | Found a burning altar of Makhleb.
  2023 | D:2      | Gained mutation: You sometimes gain a little power by
                  | taking damage. [demonic ancestry]
  2023 | D:2      | Reached XP level 3. HP: 29/29 MP: 3/3
  2188 | D:2      | Reached skill level 1 in Dodging
  2729 | D:3      | Reached XP level 4. HP: 31/35 MP: 4/4
  3065 | D:3      | Found a transporter.
  3127 | D:3      | Found a transporter.
  3874 | D:4      | Reached XP level 5. HP: 31/42 MP: 5/5
  3925 | D:4      | Noticed a black bear
  3935 | D:4      | Killed a black bear
  3936 | D:4      | Gained mutation: You are partially covered in razor-sharp
                  | scales. (AC +1, Slay +1) [demonic ancestry]
  3936 | D:4      | Reached XP level 6. HP: 20/48 MP: 6/6
  4498 | D:4      | Found a staircase to the Ecumenical Temple.
  4565 | Temple   | Entered the Ecumenical Temple
  4747 | Temple   | Became a worshipper of Warmaster Okawaru
  4774 | D:4      | Reached XP level 7. HP: 55/55 MP: 7/7
  4932 | D:4      | Noticed Grinder
  4954 | D:4      | Reached skill level 1 in Invocations
  4961 | D:4      | Killed Grinder
  4961 | D:4      | Reached * piety under Okawaru
  5496 | D:5      | Entered Level 5 of the Dungeon
  5535 | D:5      | Reached skill level 5 in Fighting
  5565 | D:5      | Gained mutation: Spells you cast may paralyse adjacent
                  | enemies. [demonic ancestry]
  5565 | D:5      | Reached XP level 8. HP: 9/62 MP: 8/10
  6106 | D:5      | Found a runed translucent door.
  6203 | D:5      | Reached ** piety under Okawaru
  6454 | D:5      | Found a runed translucent door.
  6454 | D:5      | Noticed DocClef's ghost (weakling GnDe)
  6519 | D:5      | Reached skill level 5 in Shields
  6528 | D:5      | Noticed an angel
  6784 | D:6      | Reached skill level 5 in Armour
  6788 | D:6      | HP: 1/63 [acid (11)]
  6791 | D:6      | Splashed by a jelly's acid

Illustrated notes

Levels and vault maps discovered:
D:1:      minmay_arrival_wavy_path, layout_basic, serial_shops,
          nicolae_shop_waterfront, shapermc_ecumenical_altar_mp_ritualfount,
          minmay_fountain_box, minivault_11
D:2:      cheibrodos_helix_gallery, layout_basic, basic_altar
D:3:      gammafunk_wand_slinger, layout_basic
D:4:      layout_loops_ring, minmay_temple_entry_butterflies, serial_undead,
          serial_undead_a, serial_undead_b, serial_undead_c, serial_undead_e,
          kennysheep_potato, uniq_grinder
D:5:      layout_loops_ring, zin_angel, ebering_ghost_sewer_f,
          hangedman_abyss_or_decor_passed
D:6:      layout_basic, vehumet_statue, mainiacjoe_overflow_six_doors_small,
          makhleb_heckhound_becter
Temple:   regret_index_temple_waves

Skill      XL: |  1  2  3  4  5  6  7  8 |
---------------+-------------------------+-----
Long Blades    | 2 3 4 |  4.8
Armour         | 3 4 5 |  5.1
Shields        | 3 4 5 |  5.2
Dodging        | 1 2 3 4 |  4.1
Fighting       | 4 5 |  5.7
Invocations    | 2 4 |  4.4

Action                   |  1- 3 |  4- 6 |  7- 9 || total
-------------------------+-------+-------+-------++-------
Melee: Long sword        |    79 |   134 |   162 ||   375
       Kick              |    17 |     1 |       ||    18
  Use: Scroll            |     4 |     2 |     4 ||    10
       Potion            |       |     4 |     4 ||     8
Armor: Scale mail        |    36 |    91 |     8 ||   135
       Chain mail        |       |       |   127 ||   127
       Skin              |       |       |    13 ||    13
Dodge: Dodged            |    21 |    51 |    61 ||   133
Block: Kite shield       |    32 |    70 |   110 ||   212
       Rpst.: Long sword |    13 |    14 |    18 ||    45

Table legend: (Time is in decaauts)
 A = Elapsed time spent in this place.
 B = Non-inter-level travel time spent in this place.
 C = Inter-level travel time spent in this place.
 D = Time resting spent in this place.
 E = Time spent auto-exploring this place.
 F = Levels seen in this place.
 G = Mean time per level.
                   A        B        C        D        E       F      G
               +--------+--------+--------+--------+--------+-----+--------+
         Total |   6943 |   6732 |    211 |   1246 |   4536 |   7 |  991.9 |
       Dungeon |   6741 |   6580 |    161 |   1246 |   4393 |   6 | 1123.5 |
        Temple |    201 |    151 |     50 |      0 |    143 |   1 |  201.0 |
               +--------+--------+--------+--------+--------+-----+--------+

Top non-repeatable levels by time:
     D:1: 1511 daAuts
     D:4: 1466 daAuts
     D:5: 1270 daAuts
     D:2: 1226 daAuts
     D:3: 1198 daAuts
  Temple: 201 daAuts
     D:6: 69 daAuts
